Map: New Repugnancy LE

Players

BigolChungus - Winner!

  • Race: Terran Terran
  • Spawn Location: 7:00

Dahn

  • Race: Zerg Zerg
  • League: Silver
  • Spawn Location: 1:00

VOD

Have the link to the VOD?

Description

Time

  • Played on: March 27, 2019, 7:26 p.m.
  • Length: 16:45
Show
View Real Time Build Order
Export as new Build Order

BigolChungus Terran - Winner!

Build Orders: Command Center First (CC) 

Get SALT Encoding   

  12  0:01  SCV  
  13  0:13  SCV  
  14  0:22  Supply Depot  
  14  0:27  SCV  
  15  0:44  SCV  
  16  0:58  Command Center  
  16  1:05  SCV  
  17  1:17  SCV  
  18  1:20  Barracks  
  18  1:27  Refinery  
  18  1:29  SCV  
  19  1:41  SCV  
  20  1:58  Command Center  
  20  2:09  Orbital Command  
  20  2:14  SCV  
  21  2:26  Orbital Command  
  21  2:29  Barracks Reactor  
  21  2:40  SCV  
  21  2:41  Barracks  
  23  2:51  SCV  
  23  2:52  Engineering Bay  
  23  2:58  Engineering Bay  
  23  3:00  SCV  
  25  3:05  SCV  
  25  3:10  Marine x2  
  27  3:13  Orbital Command  
  27  3:20  SCV  
  27  3:21  SCV  
  29  3:28  Terran Infantry Weapons Level 1, Terran Infantry Armor Level 1  
  28  3:42  SCV x2  
  28  3:44  SCV  
  28  3:47  Command Center  
  31  3:53  Barracks Reactor  
  31  3:55  Marine x2  
  31  3:56  SCV x2  
  31  3:57  SCV  
  36  4:08  SCV x2  
  36  4:09  SCV  
  39  4:13  Marine x2  
  41  4:17  Supply Depot  
  41  4:22  Barracks  
  41  4:27  Factory  
  41  4:28  SCV x3  
  41  4:29  Marine  
  41  4:30  Marine  
  46  4:32  Marine x2  
  48  4:40  SCV x3  
  51  4:52  Marine x3, SCV x3  
  52  4:53  Marine  
  47  5:04  SCV  
  47  5:06  SCV x2  
  50  5:07  Orbital Command  
  50  5:10  Marine  
  50  5:12  Armory  
  51  5:16  SCV  
  51  5:18  SCV x2  
  54  5:22  Marine x2  
  54  5:23  Marine  
  54  5:26  Barracks Tech Lab  
  57  5:28  SCV  
  57  5:30  SCV x2  
  57  5:33  Barracks  
  60  5:36  Barracks, SCV  
  60  5:37  Barracks  
  60  5:39  Marine  
  60  5:40  Marine, SCV  
  60  5:41  Marine x2  
  60  5:42  SCV x2  
  68  5:47  Supply Depot  
  68  5:49  Supply Depot  
  68  5:50  Stimpack  
  68  5:51  SCV  
  68  5:52  SCV  
  68  5:54  SCV x2  
  72  6:03  SCV  
  61  6:12  Marine x4  
  61  6:17  SCV x2  
  61  6:18  SCV x2  
  60  6:24  Barracks Reactor x2  
  60  6:29  Marine, SCV x2  
  60  6:30  Marine x5, SCV  
  68  6:41  SCV x2  
  68  6:42  SCV  
  70  6:47  Marine  
  70  6:48  Marine x5  
  70  6:49  Orbital Command  
  70  6:53  SCV  
  70  6:54  SCV x2  
  78  6:58  Supply Depot x2  
  78  6:59  Supply Depot  
  79  7:05  Marine x3  
  79  7:06  Marine x7  
  85  7:09  SCV  
  85  7:10  SCV  
  86  7:22  SCV x4  
  90  7:23  Marine x3  
  90  7:24  Marine x2  
  96  7:31  Barracks Reactor  
  96  7:34  SCV x4  
  99  7:38  Marine  
  99  7:39  Marine x2  
  99  7:40  Marine  
  99  7:41  Marine  
  99  7:42  Marine  
  105  7:46  SCV x4  
  105  7:51  Combat Shield  
  109  7:54  Marine x3  
  109  7:56  Marine x2  
  109  7:57  Marine  
  109  7:58  SCV  
  116  8:04  Barracks  
  116  8:08  Supply Depot  
  116  8:09  Supply Depot  
  116  8:11  Command Center, Supply Depot  
  116  8:12  Supply Depot  
  116  8:15  Supply Depot  
  116  8:17  Marine, SCV x4  
  116  8:18  Marine x10  
  131  8:29  SCV x4  
  135  8:35  Marine  
  135  8:36  Marine x2  
  138  8:43  SCV  
  138  8:44  SCV x3, Supply Depot  
  138  8:45  Supply Depot  
  138  8:46  Marine x5, Barracks  
  138  8:47  Marine x3, Supply Depot  
  138  8:48  Barracks  
  150  8:49  Barracks  
  150  8:50  Terran Infantry Weapons Level 2, Barracks  
  150  8:53  Marine, Barracks Reactor  
  151  8:55  SCV  
  151  8:56  Marine x2, SCV x3  
  157  9:04  Marine x3  
  157  9:08  SCV x4  
  150  9:20  SCV x4  
  150  9:27  Orbital Command  
  150  9:31  Marine  
  150  9:32  Marine x11, SCV x4  
  166  9:40  Barracks Reactor  
  166  9:41  Barracks Reactor  
  166  9:43  Barracks Reactor  
  166  9:44  SCV x4  
  166  9:45  Marine  
  170  9:46  Marine  
  170  9:49  Marine  
  170  9:50  Marine x10  
  183  9:56  SCV x4  
  187  10:03  Command Center  
  187  10:04  Marine x3  
  190  10:07  Marine x4  
  190  10:08  Marine x2, SCV x3  
  190  10:09  Marine  
  200  10:23  Command Center x2  
  200  10:35  Command Center  
  180  10:45  Marine  
  180  10:46  Marine x19  
  180  10:47  Command Center  
  197  11:03  Marine  
  197  11:04  Marine x2  
  200  11:28  Command Center  
  200  11:35  Command Center  
  200  11:41  Orbital Command  
  198  11:56  Missile Turret x2  
  198  11:57  Missile Turret  
  198  11:59  Missile Turret x2  
  198  12:00  Missile Turret x4  
  198  12:01  Missile Turret x2  
  195  12:02  Missile Turret x4  
  195  12:03  Missile Turret  
  195  12:04  Missile Turret  
  195  12:06  Missile Turret x2  
  195  12:07  Missile Turret  
  195  12:08  Missile Turret  
  193  12:09  Missile Turret  
  193  12:10  Missile Turret x2  
  193  12:11  Missile Turret x3  
  193  12:12  Missile Turret x2  
  193  12:13  Missile Turret x3  
  193  12:14  Orbital Command, Missile Turret x4  
  193  12:15  Missile Turret  
  191  12:16  Missile Turret x2  
  191  12:18  Missile Turret  
  191  12:19  Missile Turret  
  189  12:22  Command Center  
  189  12:23  Marine  
  189  12:24  SCV x6  
  189  12:26  Orbital Command  
  189  12:27  Missile Turret x2  
  189  12:28  Missile Turret  
  195  12:36  Missile Turret, SCV x3  
  198  12:37  Missile Turret  
  198  12:40  Missile Turret  
  198  12:42  Missile Turret  
  198  12:46  Missile Turret  
  198  12:48  Orbital Command  
  198  12:49  Missile Turret  
  198  12:52  SCV  
  198  12:53  SCV  
  198  12:55  Missile Turret  
  198  12:58  Missile Turret x2  
  200  13:01  Orbital Command  
  200  13:03  Missile Turret  
  200  13:04  Missile Turret  
  200  13:06  Missile Turret  
  200  13:14  Missile Turret  
  200  13:16  Missile Turret  
  200  13:17  Missile Turret  
  200  13:21  Missile Turret  
  199  13:35  Missile Turret  
  199  13:37  Missile Turret  
  199  13:39  Orbital Command, Missile Turret  
  198  13:44  Missile Turret  
  198  13:45  SCV x2  
  198  13:48  Missile Turret  
  200  13:50  Orbital Command  
  200  13:54  Missile Turret  
  200  13:59  Missile Turret  
  200  14:02  Planetary Fortress  
  200  14:04  Terran Infantry Armor Level 2, Terran Infantry Weapons Level 3  
  200  14:05  Missile Turret  
  200  14:07  Missile Turret  
  200  14:14  Missile Turret  
  200  14:19  Missile Turret  
  200  14:24  Missile Turret  
  200  14:27  Command Center, Missile Turret  
  200  14:34  Missile Turret  
  200  14:39  Missile Turret  
  200  14:44  Missile Turret  
  200  14:49  Missile Turret  
  200  15:00  Command Center, Missile Turret  
  198  15:07  Missile Turret  
  198  15:08  Missile Turret  
  196  15:21  Missile Turret  
  196  15:29  Missile Turret  
  196  15:31  Marine x3  
  196  15:32  Marine  
  200  15:41  Missile Turret  
  200  15:49  Missile Turret  
  200  15:56  Marine x2  
  198  16:09  Missile Turret  
  198  16:12  Command Center, SCV x2  
Show
View Real Time Build Order
Export as new Build Order

Dahn Zerg 

Build Orders: Pool First 

Get SALT Encoding   

  12  0:17  Drone x2  
  12  0:18  Overlord  
  14  0:38  Drone  
  15  0:44  Drone  
  15  0:45  Spawning Pool  
  15  0:53  Extractor  
  15  0:56  Drone  
  15  0:57  Extractor  
  14  1:08  Evolution Chamber  
  13  1:15  Drone x2  
  15  1:23  Drone  
  16  1:31  Queen  
  18  1:34  Zergling x2  
  19  1:45  Drone  
  21  1:54  Drone  
  21  2:09  Drone  
  21  2:11  Hatchery  
  21  2:15  Drone  
  22  2:31  Overlord  
  22  2:44  Overlord  
  22  2:49  Queen  
  24  2:52  Drone  
  24  2:53  Drone  
  24  2:54  Drone  
  27  3:09  Zergling x2  
  28  3:17  Zergling x2  
  28  3:18  Metabolic Boost  
  29  3:21  Zerg Melee Weapons Level 1  
  29  3:24  Zergling x2  
  30  3:36  Zergling x4  
  31  3:55  Zergling x6  
  34  3:58  Zergling x4  
  36  4:08  Drone  
  37  4:14  Roach Warren  
  36  4:23  Baneling Nest  
  26  5:10  Zergling x4  
  26  5:11  Zergling x8  
  32  5:15  Zergling x4  
  32  5:16  Zerg Missile Weapons Level 1, Zergling x10  
  32  5:20  Lair  
  39  5:39  Baneling x3  
  39  5:43  Drone x2, Overlord  
  39  5:44  Overlord  
  39  5:47  Roach  
  43  5:54  Overlord  
  32  6:21  Zergling x2  
  32  6:22  Zergling x6  
  36  6:25  Queen  
  36  6:29  Zergling x6  
  41  6:40  Spine Crawler  
  40  7:00  Zergling x2  
  40  7:01  Zergling x2  
  34  7:10  Zerg Ground Armor Level 1  
  32  7:19  Infestation Pit  
  32  7:22  Spire, Queen  
  32  7:28  Zergling x6  
  32  7:29  Zergling x2  
  36  7:32  Drone  
  37  7:42  Drone  
  37  7:43  Drone  
  39  8:02  Spore Crawler  
  38  8:07  Roach x4  
  46  8:18  Spine Crawler  
  45  8:20  Extractor  
  45  8:26  Drone x2  
  46  8:52  Mutalisk x3  
  52  8:56  Drone x2  
  52  9:02  Overlord  
  54  9:07  Ravager x3  
  54  9:32  Overlord x2  
  54  9:34  Drone  
  54  9:35  Drone x3  
  58  9:45  Spine Crawler  
  57  9:47  Extractor, Drone x2  
  58  9:59  Overseer x3  
  58  10:01  Overseer  
  58  10:09  Drone x3  
  58  10:13  Drone x2  
  63  10:21  Drone  
  63  10:22  Drone x2  
  66  10:32  Hive  
  35  10:51  Mutalisk x2  
  35  10:52  Zergling x4  
  27  11:02  Spine Crawler  
  26  11:04  Spine Crawler  
  26  11:07  Spine Crawler  
  24  11:15  Drone x2  
  26  11:33  Mutalisk  
  28  11:47  Mutalisk x2  
  32  12:24  Mutalisk x3  
  38  12:58  Zergling x8  
  40  12:59  Zergling x2  
  26  13:55  Zergling x6  
  23  14:09  Greater Spire  
  21  14:28  Zergling x2  
  21  14:29  Zergling x8  
  25  14:46  Zergling x4  
  23  14:59  Zergling x2  
  24  15:13  Drone x2  
  23  15:24  Queen  
  25  15:30  Roach  
  27  15:41  Zergling x2  
  28  16:00  Queen  
  28  16:03  Roach  
Tags
 
Add a new tag
Caveats
  • Supply blocks, unpowered buildings, or Contaminate may cause inaccurate times.
  • Supply counts are checked every 10 seconds.